 Dungeon Crawl Stone Soup version 0.28.0-47-ge53b351184 (webtiles) character file.

Game seed: 1576979422886053729

11 101zpm the Magician (level 2, -7/24 HPs)
             Began as a Troll Hedge Wizard on Apr 28, 2022.
             Killed by nerve-wracking pain
             ... invoked by Jessica
              (14 damage)
             ... on level 2 of the Dungeon.
             The game lasted 00:01:14 (495 turns).

101zpm the Magician (Troll Hedge Wizard)             Turns: 495, Time: 00:01:15

Health: -7/24      AC:  4    Str: 17    XL:     2   Next: 13%
Magic:  4/4        EV:  9    Int: 10    God:
Gold:   25         SH:  0    Dex:  9    Spells: 4/5 levels left

rFire   . . .      SeeInvis .   a - +0 dagger
rCold   . . .      Faith    .   (no shield)
rNeg    . . .      Spirit   .   b - +0 robe
rPois   .          Reflect  .   c - +0 hat
rElec   .          Harm     .   (no cloak)
rCorr   .          Rampage  .   (gloves unavailable)
Will    .....                   (boots unavailable)
Stlth   +.........              (no amulet)
HPRegen 0.88/turn               (no ring)
MPRegen 0.09/turn               (no ring)

@: no status effects
A: large, unfitting armour, claws 3, regeneration 1, shaggy fur 1, tough skin 1
a: no special abilities


You were on level 2 of the Dungeon.
You visited 1 branch of the dungeon, and saw 3 of its levels.

You collected 25 gold pieces.

Inventory:

Hand Weapons
 a - a +0 dagger (weapon)
Armour
 b - a +0 robe (worn)
 c - a +0 hat (worn)
Jewellery
 e - a +6 ring of dexterity
Scrolls
 d - a scroll of teleportation {unknown}
 f - a scroll of immolation {unknown}
Potions
 g - a potion of flight {unknown}
 h - a potion of heal wounds {unknown}


   Skills:
 + Level 0.1 Fighting
 + Level 0.5 Short Blades
 + Level 1.8 Dodging
 + Level 1.0 Stealth
 + Level 2.1 Spellcasting
 + Level 0.6 Conjurations
 + Level 0.6 Summonings
 + Level 0.6 Translocations


You had 4 spell levels left.
You knew the following spells:

 Your Spells              Type           Power      Damage    Failure   Level
a - Magic Dart            Conj           8%         1d3       24%         1

Your spell library contained the following spells:

 Spells                   Type           Power      Damage    Failure   Level
 Slow                     Hex            4%         N/A       30%         1
 Blink                    Tloc           4%         N/A       36%         2
 Call Imp                 Summ           2%         N/A       36%         2
 Conjure Flame            Conj/Fire      1%         6-21      63%         3
 Mephitic Cloud           Conj/Pois/Air  1%         N/A       65%         3


Dungeon Overview and Level Annotations

Branches:
Dungeon (3/15)

Altars:
Lugonu

Portals:
Abyss: D:1

Annotations:
D:2 Jessica
D:3 1 transporter


Innate Abilities, Weirdness & Mutations

You are too large for most types of armour.
You have claws for hands.
Your natural rate of healing is unusually fast.
You are covered in fur. (AC +1)
You have tough skin. (AC +1)


Message History

There is a stone staircase leading up here.
You climb upwards.
Level annotation: Jessica
There is a stone staircase leading down here.
You start resting.
Jessica is nearby!
Jessica points at you and mumbles some strange words.
You resist with some effort.
A quokka comes into view.
Jessica hits you with a +0 dagger.
You hit Jessica but do no damage. Jessica hits you with a +0 dagger!
You are too injured to fight recklessly!
You are too injured to fight recklessly!
You are too injured to fight recklessly!
You are too injured to fight recklessly!
You are too injured to fight recklessly!
You are too injured to fight recklessly!
You are too injured to fight recklessly!
You are too injured to fight recklessly!
You are too injured to fight recklessly!
You are too injured to fight recklessly!
You are too injured to fight recklessly!
You are too injured to fight recklessly!
You are too injured to fight recklessly!
You are too injured to fight recklessly!
You are too injured to fight recklessly!
You are too injured to fight recklessly!
You are too injured to fight recklessly!
You are too injured to fight recklessly!
You hit Jessica but do no damage. Jessica hits you with a +0 dagger.
* * * LOW HITPOINT WARNING * * *
You hit Jessica.
Jessica is moderately wounded.
Jessica misses you.
You hit Jessica.
Jessica is heavily wounded.
Jessica points at you and mumbles some strange words.
Pain shoots through your body!
Ouch! That really hurt!
You die...

..#.......#
#....##..#
#.... #..#
#....##..#
###....>#
#.....#
#.....#
#.....#
#.@...#
......@....+
...........#
...........#
.......#####
.......
.......
r......


You could see Jessica and a quokka.

Vanquished Creatures
  A dart slug (D:1)
  4 bats (D:1)
  2 goblins (D:1)
  2 ball pythons (D:1)
  A kobold (D:1)
10 creatures vanquished.

Notes
Turn   | Place    | Note
-------+----------+-------------------------------------------
     0 | D:1      | 101zpm the Troll Hedge Wizard began the quest for the Orb.
     0 | D:1      | Reached XP level 1. HP: 16/16 MP: 2/2
    78 | D:1      | Found a corrupted altar of Lugonu.
    78 | D:1      | Found a one-way gate to the infinite horrors of the Abyss.
    78 | D:1      | Noticed an iron imp
    78 | D:1      | Noticed an iron imp
    78 | D:1      | Noticed an iron imp
    78 | D:1      | Noticed a quasit
    78 | D:1      | Noticed a quasit
    78 | D:1      | Noticed a demonic crawler
    79 | D:1      | Noticed an iron imp
   127 | D:1      | Noticed a quasit
   283 | D:1      | Reached XP level 2. HP: 24/24 MP: 4/4
   394 | D:2      | Noticed Jessica
   420 | D:3      | Found a transporter.
   495 | D:2      | Killed from afar by Jessica

Illustrated notes

Levels and vault maps discovered:
D:1:      erik_arrival_cave_to_civilisation [erik_arrival_cave_to_temple],
          layout_basic, minmay_close_crescents
D:2:      minmay_chambers_of_ones, layout_basic, ebering_ecumenical_altar_webs,
          uniq_jessica
D:3:      gammafunk_steamed_eel, layout_basic, slow_altar_1

Action                   || total
-------------------------++-------
Melee: Dagger            ||    98
       Punch             ||     2
Armor: Robe              ||    60
Dodge: Dodged            ||    57
